Cogmind - Beta 15 @@@ ROGUE MODE // 2025.05.30 @ 07:39:24 Player: puppuppit Result: Destroyed by Y-54 Guardian with Flak Gun Performance ------------- Evolutions (0) 0 Regions Visited (3) 600 Robots Destroyed (62) 310 Value Destroyed (1083) 1083 Prototype IDs (2) 40 Alien Tech Used (0) 0 Bonus (0) 0 TOTAL SCORE: 2033 Bonus ------- None Cogmind --------- Core Integrity 0/250 Matter 270/300 Energy 100/100 System Corruption 0% Temperature Cool (25) Movement Rolling (115) Ox1 Location -7/Recycling Parts ------- > --- POWER (1) -------- Subdweller Power Source > --- PROPULSION (2) --- Compact Wheel > --- UTILITY (2) ------ Large Storage Unit Improved Light Armor Plating > --- WEAPON (2) ------- Light Assault Rifle Barrage Gun > --- INVENTORY (15) --- Wheel Wheel Wheel Subdweller Monowheel Subdweller Monowheel Small Matter Pod (50) Medium Matter Pod (100) Machine Analyzer Propulsion Shielding Subdweller Beam Cannon Subdweller Beam Cannon Subdweller Beam Cannon Light Assault Rifle Subdweller Machine Gun Grenade Launcher Peak State ------------ > --- POWER ------------ Subdweller Power Source > --- PROPULSION ------- Wheel Compact Wheel > --- UTILITY ---------- Large Storage Unit Hacking Suite > --- WEAPON ----------- Subdweller Machine Gun Barrage Gun > --- INVENTORY -------- Wheel Wheel Wheel Subdweller Monowheel Subdweller Monowheel Small Matter Pod Medium Matter Pod Machine Analyzer Propulsion Shielding Subdweller Beam Cannon Subdweller Beam Cannon Subdweller Beam Cannon Light Assault Rifle Light Assault Rifle Grenade Launcher [Rating: 15] Favorites ----------- Power Ion Engine Engine Ion Engine Power Core Light Nuclear Core Propulsion Light Treads Treads Light Treads Wheel Compact Wheel Utility Large Storage Unit Device Improved Terrain Scanner Storage Large Storage Unit Hackware Hacking Suite Protection Propulsion Shielding Weapon Light Assault Rifle Ballistic Gun Light Assault Rifle Launcher Grenade Launcher Build | -11 -10 -10 -7 ------- Run | Yrd Mat Sub Rec Slots Evolved . | . . . . Power . | . . . . Propulsion . | . . . . Utility . | . . . . Weapon . | . . . . Parts Attached 29 | 9 9 7 4 Power 3 | 1 1 1 . Engine 2 | 1 . 1 . Core 1 | . 1 . . Reactor . | . . . . Propulsion 6 | 4 1 1 . Treads 2 | 2 . . . Leg . | . . . . Wheel 4 | 2 1 1 . Hover . | . . . . Flight . | . . . . Utility 10 | 2 4 2 2 Device 2 | 1 . 1 . Storage 4 | 1 2 1 . Processor . | . . . . Hackware 2 | . 1 . 1 Protection 2 | . 1 . 1 Artifact . | . . . . Weapon 10 | 2 3 3 2 Energy Gun . | . . . . Energy Cannon . | . . . . Ballistic Gun 8 | 2 3 1 2 Ballistic Cannon . | . . . . Launcher 2 | . . 2 . Special Weapon . | . . . . Impact Weapon . | . . . . Slashing Weapon . | . . . . Piercing Weapon . | . . . . Special Melee Weapon . | . . . . Unidentified Prototypes . | . . . . Parts Lost 8 | . 2 5 1 Power 1 | . . 1 . Propulsion 3 | . 1 1 1 Utility 2 | . . 2 . Weapon 2 | . 1 1 . Highest Loss Streak 3 | . 1 3 1 To Critical Strikes . | . . . . Average Backups 11 | 4 10 14 15 Power . | . . . . Propulsion 3 | 2 3 4 5 Utility 3 | . 3 3 3 Weapon 4 | . 2 6 6 Tool/Special . | . . . . Unused Backups 12 | . 1 . 11 Power . | . . . . Propulsion 4 | . . . 4 Utility 3 | . . . 3 Weapon 5 | . 1 . 4 Tool/Special . | . . . . Average Slot Usage (%) 99 | . 99 98 99 Engine 9 | . 9 6 14 Core 4 | . 4 7 . Treads 9 | . 16 . . Wheel 18 | . 11 28 27 Device 5 | . 6 5 . Storage 14 | . 14 14 14 Hackware 3 | . 5 . 3 Protection 4 | . 1 7 10 Ballistic Gun 24 | . 27 18 23 Launcher 3 | . . 9 4 Peak Build Rating 15 | 10 12 13 15 Average Rating 10 | 7 10 11 13 On Entrance 8 | . 10 11 12 Naked Turns . | . . . . Heaviest Build 33 | 14 29 32 33 Greatest Support 40 | 40 40 26 26 Greatest Overweight (x) 1 | . 1 1 1 Average Overweight (x) . | . . . 1 Largest Inventory Capacity 15 | 8 15 15 15 Average Capacity 14 | 7 14 15 15 Most Carried 15 | 8 15 15 15 Average Carried 11 | 4 10 14 14 Final Capacity 15 | 8 15 15 15 Final Carried 15 | 8 15 15 15 Class Distribution -------------------- 100% | Mutant Dominant Class ---------------- Mutant | -10/Materials Mutant | -10/Subcaves Mutant | -7/Recycling Resources | -11 -10 -10 -7 ----------- Run | Yrd Mat Sub Rec Matter Collected 1677 | 478 631 386 182 Remotely . | . . . . Salvage Created 2140 | 232 873 166 869 Parts 131 | 19 73 10 29 Haulers Intercepted 1 | . 1 . . Recyclers Shooed 3 | . 1 . 2 Parts Field Recycled . | . . . . Retrieved Matter . | . . . . Parts Self-Destructed 4 | . . 4 . Prevented . | . . . . Kills | -11 -10 -10 -7 ------- Run | Yrd Mat Sub Rec Combat Hostiles Destroyed 29 | . 17 11 1 Guns 19 | . 17 1 1 AOE 10 | . . 10 . Classes Destroyed 13 | 3 7 2 1 Worker 4 | 2 2 . . Builder 4 | . 4 . . Tunneler 4 | 4 . . . Hauler 1 | . 1 . . Recycler 13 | 1 1 . 11 Mechanic 1 | . 1 . . Operator 2 | . 2 . . Turret 2 | . . 2 . Watcher 2 | . 2 . . Swarmer 13 | . 6 7 . Grunt 11 | . 11 . . Sentry 1 | . . . 1 Subdweller 4 | . . 4 . Best Kill Streak 9 | 4 5 7 9 Combat Bots Only 7 | . 5 7 1 Max Kills in Single Turn 3 | 2 2 3 1 Gunslinging . | . . . . Exploded 3 | . . 3 . Melee . | . . . . Uniques/NPCs Destroyed . | . . . . Combat | -11 -10 -10 -7 -------- Run | Yrd Mat Sub Rec Hostile Shots Fired 171 | . 96 30 45 Missed 54 | . 26 12 16 Hits 117 | . 70 18 29 Projectile 117 | . 70 18 29 Critical Strikes 1 | . 1 . . Damage Taken 1350 | . 769 360 221 Core 254 | . 108 81 65 Absorbed by Shields . | . . . . Redirected to Shielding 11 | . . 11 . Regen/Repaired (Parts) 93 | . 93 . . Core Remaining (%) 100 | 100 . . . Volleys Fired 217 | 19 125 32 41 Largest 2 | 2 2 2 2 Hottest 58 | 40 40 58 58 Shots Fired 397 | 38 250 43 66 Gun 370 | 38 250 16 66 Cannon . | . . . . Launcher 27 | . . 27 . Special . | . . . . Kinetic 370 | 38 250 16 66 Thermal . | . . . . Explosive 27 | . . 27 . Electromagnetic . | . . . . Robot Hit Streak 16 | 8 11 16 11 Robot Miss Streak 7 | 4 5 1 7 Penetration Max . | . . . . Secondary Targets 1 | . 1 . . Max Gunslinging Chain 1 | . 1 . . Shots Hit Robots 228 | 21 145 20 42 Core Hits 102 | 8 54 23 17 Critical Kills . | . . . . Critical Parts Destroyed 2 | . 2 . . Critical Strikes 2 | . 2 . . Destroy 2 | . 2 . . Melee Attacks . | . . . . Impact . | . . . . Slashing . | . . . . Piercing . | . . . . Sneak Attacks . | . . . . Combat Hostiles . | . . . . Follow-up Attacks . | . . . . Damage Inflicted 3493 | 213 1613 1025 642 Guns 2606 | 213 1561 190 642 Cannons . | . . . . Explosions 887 | . 52 835 . Melee . | . . . . Ramming . | . . . . Kinetic 2606 | 213 1561 190 642 Thermal . | . . . . Explosive 887 | . 52 835 . Electromagnetic . | . . . . Impact . | . . . . Slashing . | . . . . Piercing . | . . . . Highest Corruption . | . . . . Average Corruption . | . . . . Corruption Purged . | . . . . Corruption Blocked . | . . . . Overload Shots . | . . . . Overflow Damage 44 | . . 44 . Projectiles . | . . . . Explosions 44 | . . 44 . Melee . | . . . . Knockbacks . | . . . . Impact . | . . . . Kinetic . | . . . . Secondary . | . . . . Self-Inflicted Damage 118 | . . 118 . Shots 6 | . . 6 . Rammed . | . . . . Targets Rammed . | . . . . Kicked . | . . . . Crushed . | . . . . Highest Temperature 22 | . 20 . 22 Average Temperature 5 | . 5 . 6 Received Heat Transfer 417 | . 339 12 66 Siege Activations . | . . . . Martial Activations . | . . . . Shielding Activations . | . . . . Robots Disrupted . | . . . . Combat Hostiles . | . . . . Robots Corrupted . | . . . . Combat Hostiles . | . . . . Parts Fried . | . . . . Impact Corruptions . | . . . . Robots Melted . | . . . . Combat Hostiles . | . . . . Parts Melted . | . . . . Heat Transferred . | . . . . Parts Sabotaged . | . . . . Parts Stolen . | . . . . Parts Stripped . | . . . . Power Chain Reactions . | . . . . Alert | -11 -10 -10 -7 ------- Run | Yrd Mat Sub Rec Maximum Alert Level 1 | . 1 . 1 Low Security (%) 93 | 100 93 . 90 Level 1 6 | . 6 . 9 Level 2 . | . . . . Level 3 . | . . . . Level 4 . | . . . . Level 5 . | . . . . High Security . | . . . . Max Security . | . . . . Peak Influence 220 | 15 220 . 210 Initial 89 | . . . 89 Average 72 | 1 62 . 138 Influence Increases 1432 | 35 611 505 281 Destroy 0b10 Robot/C 540 | . 340 180 20 Destroy 0b10 Robot/NC 155 | 35 65 . 55 Destroy Leader 86 | . 76 10 . Successful Hack 50 | . 15 . 35 Select Force Hacks 150 | . 30 . 120 Disable Machine 105 | . 60 . 45 Destroy Structure 16 | . 10 . 6 Lose Combat Pursuer 330 | . 15 315 . Influence Decreases 1270 | 35 581 348 306 Entered New Map 113 | . . 15 98 Time Decay 927 | 35 411 283 198 Lost Part 80 | . 20 50 10 Purge Threat 150 | . 150 . . Squads Dispatched 3 | . 3 . . Investigation 2 | . 2 . . Extermination . | . . . . Reinforcement 1 | . 1 . . Assault . | . . . . Garrison . | . . . . Intercept . | . . . . Searches Triggered . | . . . . Construction Impeded . | . . . . Haulers Reinforced . | . . . . Active Scanning Responses . | . . . . Cargo Convoy Interrupts . | . . . . Stealth | -11 -10 -10 -7 --------- Run | Yrd Mat Sub Rec Distress Signals 4 | . 3 . 1 Communications Jammed . | . . . . Distress Signals . | . . . . Times Spotted 52 | . 37 13 2 Peak Tracking Total 6 | . 4 6 1 Tactical Retreats 5 | . 1 4 . Traps | -11 -10 -10 -7 ------- Run | Yrd Mat Sub Rec Traps Triggered . | . . . . Indirectly . | . . . . Trap Hack Attempts . | . . . . Triggered . | . . . . Disarmed . | . . . . Reprogrammed . | . . . . Reused . | . . . . Traps Extracted . | . . . . Installed . | . . . . Triggered . | . . . . Machines | -11 -10 -10 -7 ---------- Run | Yrd Mat Sub Rec Machines Disabled 10 | . 4 3 3 Max in Single Turn 2 | . 2 2 1 Machines Repaired . | . . . . Machines Dismantled . | . . . . Machines Sabotaged . | . . . . Overloaded Fab Kills . | . . . . Hacking | -11 -10 -10 -7 --------- Run | Yrd Mat Sub Rec Machines Accessed 17 | . 9 . 8 Terminals 10 | . 7 . 3 Fabricators . | . . . . Repair Stations 1 | . 1 . . Recycling Units 6 | . 1 . 5 Scanalyzers . | . . . . Garrison Access . | . . . . Total Hacks 47 | . 32 . 15 Successful 22 | . 15 . 7 Failed 24 | . 16 . 8 Catastrophic 1 | . . . 1 Database Lockouts 1 | . 1 . . Manual 38 | . 24 . 14 Terminals 38 | . 29 . 9 Fabricators . | . . . . Repair Stations 2 | . 2 . . Recycling Units 7 | . 1 . 6 Scanalyzers . | . . . . Garrison Access . | . . . . Terminal Hacks 7 | . 6 . 1 Robot Schematic 1 | . . . 1 Robot Analysis 2 | . 2 . . Prototype ID Bank 1 | . 1 . . Terminal Index 1 | . 1 . . Unreport Threat 1 | . 1 . . Locate Traps 1 | . 1 . . Fabricator Hacks . | . . . . Repair Station Hacks 2 | . 2 . . Scan Component 1 | . 1 . . Repair 1 | . 1 . . Recycling Unit Hacks . | . . . . Scanalyzer . | . . . . Garrison Access Hacks . | . . . . Unauthorized Hacks 13 | . 7 . 6 Terminals 8 | . 6 . 2 Botnet 8 | . 6 . 2 Fabricators . | . . . . Repair Stations . | . . . . Recycling Units 5 | . 1 . 4 Tunnel 5 | . 1 . 4 Scanalyzers . | . . . . Garrison Access . | . . . . Data Cores Recovered . | . . . . Used . | . . . . Hacking Detections 12 | . 8 . 4 Full Trace Events 2 | . 2 . . Feedback Events . | . . . . Feedback Blocked . | . . . . Robot Schematics Acquired 1 | . . . 1 Robots Built . | . . . . Authchips . | . . . . Time . | . . . . Total Robot Build Rating . | . . . . Part Schematics Acquired . | . . . . Parts Built . | . . . . Authchips . | . . . . Time . | . . . . Total Part Build Rating . | . . . . Parts Repaired 1 | . 1 . . Time 13 | . 13 . . Parts Recycled . | . . . . Recycled Matter . | . . . . Retrieved Matter . | . . . . Retrieved Components . | . . . . Parts Scanalyzed . | . . . . Part Schematics Acquired . | . . . . Parts Damaged . | . . . . Bothacking | -11 -10 -10 -7 ------------ Run | Yrd Mat Sub Rec Used RIF Installer . | . . . . Robots Hacked . | . . . . Non-combat . | . . . . Combat . | . . . . Robot Hacks Applied . | . . . . Relay Couplers Released . | . . . . Fabnet Peak Effective % . | . . . . Robots Rewired . | . . . . Allies Hacked . | . . . . Hacks Repelled . | . . . . Allies | -11 -10 -10 -7 -------- Run | Yrd Mat Sub Rec Total Allies . | . . . . Largest Group . | . . . . Highest-Rated Group . | . . . . Highest-Rated Ally . | . . . . Total Orders . | . . . . Ally Attacks . | . . . . Total Damage . | . . . . Kills . | . . . . Allies Corrupted . | . . . . Allies Melted . | . . . . Intel | -11 -10 -10 -7 ------- Run | Yrd Mat Sub Rec Active Infowar (turns) 1073 | 99 674 300 . Terrain 1073 | 99 674 300 . Robot Analysis Total 2 | . 2 . . Derelict Logs Recovered . | . . . . Drone Launches . | . . . . Drone Recoveries . | . . . . Exploration | -11 -10 -10 -7 ------------- Run | Yrd Mat Sub Rec Turns Passed 2683 | 182 1388 711 402 Spaces Moved 1673 | 77 734 586 276 Core 1 | 1 . . . Treads 428 | 56 372 . . Legs . | . . . . Wheels 1244 | 20 362 586 276 Hover . | . . . . Flight . | . . . . Fastest Speed 50 | 50 105 90 105 Average Speed 118 | 140 132 104 105 Slowest Speed 160 | 160 160 105 105 Overloaded Moves . | . . . . Propulsion Burnouts . | . . . . Robots Hopped . | . . . . Potential Cave-ins . | . . . . Cave-ins Triggered . | . . . . Exploration Rate (%) 41 | 4 74 27 59 Regions Visited 3 Branch Regions 2 Pre-discovered Areas 5 | . 1 . 4 Known Exits Taken . | . . . . Unknown Exits Taken 3 | 1 1 1 . Scrap Searched 6 | . . 6 . Spaces Dug . | . . . . Terrain Destroyed 106 | . 10 91 5 Melee . | . . . . Projectile 5 | . . . 5 AOE 101 | . 10 91 . Terrain Rammed . | . . . . Walls Destroyed . | . . . . Machines Disabled . | . . . . Actions | -11 -10 -10 -7 --------- Run | Yrd Mat Sub Rec Total 2001 | 112 920 642 327 Wait 37 | . 34 . 3 Move 1670 | 76 733 585 276 Hop . | . . . . Pick Up 25 | 8 9 8 . Fast Attach 12 | 7 2 1 2 Attach 6 | . 2 4 . Detach 3 | . 1 . 2 Swap 19 | 2 9 6 2 Drop 12 | . 5 6 1 Fire 217 | 19 125 32 41 Melee . | . . . . Ram . | . . . . Kick . | . . . . Crush . | . . . . Escape Stasis . | . . . . Rewire . | . . . . Trap . | . . . . Miscellaneous . | . . . . Route ------- -11/Scrapyard -10/Materials (discovered 4 exits: [*Mat x2] / [*Min] / [*Sub]) -10/Subcaves -7/Recycling History --------- Turn | Location | Event 18 | -11/Scrapyard | Discovered new exit (range 15) 183 | -11/Scrapyard | Entered Materials 308 | -10/Materials | Build established: Mutant 317 | -10/Materials | Discovered new exit (range 8) 871 | -10/Materials | Repaired Assault Rifle 896 | -10/Materials | Discovered new exit (range 8) 1115 | -10/Materials | Central database locked down 1130 | -10/Materials | Discovered new exit (range 10) 1242 | -10/Materials | Discovered new exit (range 13) 1571 | -10/Materials | Entered Subcaves 1707 | -10/Subcaves | Core integrity fell below 50% 1728 | -10/Subcaves | Destroyed 7 combat bots 1734 | -10/Subcaves | Discovered new exit (range 12) 1924 | -10/Subcaves | Disturbed a concealed Subdweller 1968 | -10/Subcaves | Lost 3 parts (1p1n1u) 2068 | -10/Subcaves | Disturbed a concealed Subdweller 2086 | -10/Subcaves | Disturbed a concealed Subdweller 2159 | -10/Subcaves | Shifting Twisted Machinery released Sub. Shrapnel Launcher 2282 | -10/Subcaves | Entered Recycling 2559 | -7/Recycling | Core integrity fell below 20% 2684 | -7/Recycling | Destroyed by Y-54 Guardian with Flak Gun Last Messages --------------- >>Trojan(Botnet) Trojan loaded successfully. Testing... Terminal linked with 1 system. Awaiting botnet instructions. >>Schematic(H-55 Commando) Downloading schematic... H-55 Commando Tier: 3 Schematic downloaded. 02605_ R-06 Scavenger destroyed. 02606_ Acquired 5 matter. 02608_ R-06 Scavenger destroyed. 02609_ Acquired 5 matter. 02615_ Discarded Hacking Suite. 02616_ Acquired Imp. Light Armor Plating. 02618_ Acquired 10 matter. 02643_ Destroyed Welding Torch. 02672_ U-05 Engineer sends out distress signal. 02678_ Wheel destroyed. Map ----- +----------------------------------------------------+ | ?????????????????????????????????????????????? | | ?????????????????????????????????????????????? | | ?????????????????????????????????????????????? | | ?????????????????????????????????????????????? | | ?????????????????????????????????????????????? | | ?????????????????????????????????????????????? | | ?????????????????????????????????????????????? | | ?????????????????????????????????????????????? | | ?????????????????????????????????????????????? | | ?????????????????????????????????????????????? | | ?????????????????????????????????????????????? | | ????????????????##########???????????????????? | | ????????????????# ! #???????????????????? | | ????????????????# ! !#???????????????????? | | ????????????????# !#???????????????????? | | ????????????????# ! ! !#???????????????????? | | ????????????????#! ! ! #???????????????????? | | ????????????????# #???????????????????? | | ????????????????# !! #???????????????????? | | ????????????????# ! #???????????????????? | | ????????????????# ! ! #???????????????????? | | ????????????????#####+####???????????????????? | | ????????????????????# #??????????????????????? | | ????????????????????# #??????????????????????? | | ????????????????????# #??????????????????????? | | ????????????????????#@#??????????????????????? | | ????????????????????# #??????????????????????? | | ????????????????????# #??????????????????????? | | ?????????????########Y########???????????????? | | ?????? ????????? | | ?????????????##### ## ##########?????????????? | | ?????????????????#??# # #?????????????? | | ????????????????????# # """ ??????????????? | | ???????????###??##### + """""???????????????? | | ???????????# # # """""???????????????? | | ???????????# """ # # """""???????????????? | | ???????????# """ # #? """????????????????? | | ???????????# """ # #? ????????????????? | | ???????????# # #?? ???????????????? | | ???????????+ """ # #?? ??????????????? | | ???????????# """ # #???#####??????????????? | | ???????????# """ + #??????????????????????? | | ???????????# # #??????????????????????? | | ???????????########## #??????????????????????? | | ????????????????????# #??????????????????????? | | ???????????????????## ##?????????????????????? | | ???????????????????# ###???????????????????? | | ???????????????????# ! T"#???????????????????? | | ???????????????????#=%%""#???#####???????????? | | ??????????????????##!% ###???# ##########??? | +----------------------------------------------------+ Best States ------------- Heat Dissipation 25 Energy Generation 15 Energy Capacity 250 Matter Stores 300 Matter Capacity 300 Sight Range 16 Terrain Scan Range 16 Terrain Scan Density 10 Armor Coverage 150 Propulsion Shielding 33 Evasion (%) 42 Recoil Reduction 2 Offensive Hacking 10 Item Schematics ----------------- None Robot Schematics ------------------ H-55 Commando | -7/Recycling | Hacked Fabricated ------------ Nothing Repaired ---------- Assault Rifle | 7% | -10/Materials Alien Tech Used ----------------- None Achievements -------------- None Challenges ------------ None Game ------ Seed CarbideCorePerforator Manual? 0 Play Time 00:19:16 Cumulative 241.3 hours Start 2025.05.30 @ 07:20:25 End 2025.05.30 @ 07:39:24 Sessions 1 Manual Loads 0 Difficulty Rogue Special Mode None Game No. 147 Rogue 147 Adventurer 0 Explorer 0 Win Type - Total 3 Types 1/0/1/1/0/0/0/0/0/0 Lore% 78 Gallery% 64 Achievement% 63 Wizard Run 0 Options --------- Layout 2 ASCII 0 Keyboard 1 Movement Vi Keybinds 0 Fullscreen 1 Font 16/SmallcapsGlow Map View 55x47 Zoom Use 0% Tactical HUD 1 Map Filters NONE Filters NONE Steam 0 RUN: de44b6bc-fc38-4dc2-8511-6aae4ce16753